 Dungeon Crawl Stone Soup version 0.30.1-11-g7821555f0a (webtiles) character file.

Game seed: 6480935575138262130

10830 jfcaron the Grappler (level 11, 0/117 HPs)
             Began as an Ogre Monk on Nov 22, 2023.
             Was a High Priest of Elyvilon.
             Slain by a sixfirhy (8 damage)
             ... summoned by an orc sorcerer
             ... while paralysed by an orc sorcerer
             ... on level 2 of the Orcish Mines.
             The game lasted 00:29:55 (13768 turns).

jfcaron the Grappler (Ogre Monk)                   Turns: 13768, Time: 00:29:56

Health: 0/117      AC: 10    Str: 21    XL:     11   Next: 68%
Magic:  12/13      EV:  1    Int: 11    God:    Elyvilon [*****.]
Gold:   1358       SH:  0    Dex: 11    Spells: 10/10 levels left

rFire   + .          .
                       - Unarmed
rCold   . . .        c - orb {light}
rNeg    . . .        t - +2 robe {Will+}
rPois   .            (helmet restricted)
rElec   .            E - +0 cloak
rCorr   .            (gloves unavailable)
SInv    .            (boots unavailable)
Will    ++...        (no amulet)
Stlth   +            H - +4 ring of protection
HPRegen 0.39/turn    h - ring of protection from fire
MPRegen 0.13/turn

%: no passive effects
@: paralysed, glowing
A: large, unfitting armour, tough skin 1
a: Renounce Religion, Purification, Heal Other, Heal Self, Divine Vigour


You were on level 2 of the Orcish Mines.
You worshipped Elyvilon.
Elyvilon was extremely pleased with you.
You visited 3 branches of the dungeon, and saw 13 of its levels.
You also visited: Sewer and Ossuary.

You collected 1358 gold pieces.

Inventory:

Hand Weapons
 s - the +0 dagger "Qiacyr" {spect, rElec rF++ Will+}
   (You found it on level 3 of the Dungeon)

   rF:        It greatly protects you from fire.
   rElec:     It insulates you from electricity.
   Will:      It increases your willpower.
Missiles
 g - 4 boomerangs (quivered)
 x - 10 poisoned darts
 z - 3 silver boomerangs
 C - 36 stones
Armour
 c - an orb of light (worn)
 t - a +2 robe of willpower (worn)
   (You took it off an orc sorcerer on level 1 of the Orcish Mines)
 E - a +0 cloak (worn)
Jewellery
 b - a ring of ice
   (You found it on level 3 of the Dungeon)
 h - a ring of protection from fire (right hand)
   (You found it on level 1 of the Dungeon)
 n - a ring of fire
   (You found it in a sewer)
 v - a ring of flight
 y - a +4 ring of protection
   (You found it on level 5 of the Dungeon)
 H - a +4 ring of protection (left hand)
   (You found it on level 7 of the Dungeon)
 M - a ring of ice
   (You found it on level 10 of the Dungeon)
Wands
 K - a wand of flame (12)
Scrolls
 d - 5 scrolls of amnesia
 f - a scroll of identify
 l - 4 scrolls of poison
 o - a scroll of brand weapon
 q - 2 scrolls of fear
 r - 4 scrolls of blinking
 u - 3 scrolls of teleportation
 D - 2 scrolls of enchant armour
 F - a scroll of vulnerability
 J - 2 scrolls of fog
 P - a scroll of magic mapping
Potions
 e - 13 potions of degeneration
 i - 4 potions of curing
 j - 2 potions of cancellation
 k - a potion of brilliance
 p - 2 potions of resistance
 w - 2 potions of haste
 A - 7 potions of heal wounds
 B - a potion of might
 G - 2 potions of lignification
 I - a potion of attraction
 L - 3 potions of mutation
 N - a potion of magic
Miscellaneous
 O - a box of beasts (inert)
   (You found it on level 10 of the Dungeon)


   Skills:
 - Level 10.0 Fighting
 + Level 7.4 Dodging
 + Level 12.0 Unarmed Combat
 + Level 3.3 Invocations
 + Level 6.1 Evocations


You had 10 spell levels left.
You didn't know any spells.
Your spell library contained the following spells:

 Spells                   Type           Power      Damage    Failure   Level
 Magic Dart               Conj           0%         1d3       34%         1
 Sandblast                Erth           0%         2d4       34%         1
 Ensorcelled Hibernation  Hex/Ice        0%         N/A       47%         2
 Passwall                 Tmut/Erth      0%         N/A       47%         2
 Scorch                   Fire           0%         2d5       47%         2
 Searing Ray              Conj           0%         2d4       47%         2
 Stone Arrow              Conj/Erth      0%         3d7       71%         3
 Swiftness                Air            0%         N/A       71%         3
 Flame Wave               Conj/Fire      0%         2d4       98%         4
 Fulminant Prism          Conj/Hex       0%         3d5       98%         4
 Statue Form              Tmut/Erth      0%         N/A       100%        6
 Summon Cactus Giant      Summ           0%         N/A       100%        6
 Shatter                  Erth           0%         3d5*      100%        9


Dungeon Overview and Level Annotations

Branches:
Dungeon (10/15)            Temple (1/1) D:6            Lair (0/5) D:9
    Orc (2/2) D:10            Elf (0/3) Orc:2         Sewer (visited)
Ossuary (visited)

Altars:
Ashenzari
Cheibriados
Dithmenos
Elyvilon
Fedhas
Gozag
Hepliaklqana
Kikubaaqudgha
Makhleb
Nemelex Xobeh
Okawaru
Qazlal
Ru
Sif Muna
Trog
Uskayaw
Vehumet
Wu Jian
Xom
Yredelemnul
Zin
The Shining One

Shops:
Orc:2 (

Annotations:
D:1 come back with digging
D:9 exclusion: obsidian statue
Orc:1 2 transporters, Nonny's ghost, journeyman DgAE


Innate Abilities, Weirdness & Mutations

You are too large for most types of armour.
You have tough skin. (AC +1)


Message History

The sun demon hits you but does no damage.
Okay, then.
Unknown command.
Press: ? - help, v - describe, . - travel, g - get item
Here: a sun demon (moderately wounded, summoned, haloed)
Items here: $ ))) [[ †††.
The floor, spattered with blood.
You remove your +4 ring of protection.
The orc sorcerer barely misses you. The sun demon hits you.
You are engulfed in flames!
h - a ring of protection from fire (right hand)
You can't go up here!
Press: ? - help, v - describe, . - travel
Here: an orc sorcerer, wielding a +0 dagger and wearing a +0 robe (lightly wounded, haloed)
The floor.
Unknown command.
Throw: 4 boomerangs
Press: ? - help, Q - select action, (/) - cycle Shift-Dir - straight line, p - sun demon
Okay, then.
You punch the orc sorcerer!
The orc sorcerer is moderately wounded.
The sun demon hits you but does no damage.
The orc sorcerer gestures wildly while chanting.
You hit the orc sorcerer but do no damage.
The orc sorcerer is moderately wounded.
The sun demon hits you but does no damage.
The orc sorcerer casts a spell at you.
You suddenly lose the ability to move!
The sun demon hits you!!
You are engulfed in flames!
You resist.
The orc sorcerer hits you but does no damage.
The sun demon hits you!
* * * LOW HITPOINT WARNING * * *
You are engulfed in flames!
You resist.
* * * LOW HITPOINT WARNING * * *
The orc sorcerer hits you but does no damage.
The sun demon hits you!! Elyvilon protects you from harm!
You are engulfed in flames!
You resist.
* * * LOW HITPOINT WARNING * * *
The sixfirhy hits you!
You die...

...#.# #.# .....# ..o####.####...
#....# #...........# .. .....#
######.###### ..
.....###########.#############...
........#..........#...#...#.##..
...)[...#.......).......#.#......
...)............3o.#.............
................@#...............
.................3..............8
...............................8.
..............................8..
..............#..............8..∩
..............#...........>...8..
...............#...............8.
..............##.....)).........8
...................))<[..........


You could see a sun demon (summoned), a sixfirhy (summoned) and an orc sorcerer.

Vanquished Creatures
  3 two-headed ogres
  A deep elf pyromancer (D:10)
  An orc sorcerer (Orc:1)
  A kobold demonologist (D:10)
  3 trolls
  Sigmund (D:4)
  2 wyverns
  A wraith (D:9)
  2 steam dragons (D:8)
  2 acid dragons (D:10)
  Pargi (Sewer)
  3 sky beasts
  2 black bears
  A swamp drake (D:10)
  An ice beast (D:6)
  11 orc warriors
  7 ogres
  2 centaurs
  A phantom (D:5)
  3 kobold brigands
  An elf zombie (Ossuary)
  A gnoll sergeant (D:9)
  5 bullfrogs
  7 scorpions
  21 wights
  2 howler monkeys (D:5)
  3 hounds
  12 orc priests
  Crazy Yiuf (D:6)
  2 human zombies (Ossuary)
  2 jellies (D:7)
  4 iguanas
  21 orc wizards
  2 mummies (Ossuary)
  3 gnolls (D:9)
  9 adders
  3 adder zombies (Ossuary)
  2 worms (D:3)
  3 dart slugs
  85 orcs
  11 ball pythons
  5 endoplasms
  A giant cockroach (D:3)
  4 goblins
  5 hobgoblins
  7 jackals
  18 kobolds
  A quokka (D:1)
  5 bats
  7 frilled lizards
  2 goblin zombies (Ossuary)
  6 hobgoblin zombies (Ossuary)
  3 jackal zombies (Ossuary)
  4 kobold zombies (Ossuary)
  16 orc zombies (Ossuary)
  8 rats
341 creatures vanquished.

Notes
Turn   | Place    | Note
-------+----------+-------------------------------------------
     0 | D:1      | jfcaron the Ogre Monk began the quest for the Orb.
     0 | D:1      | Reached XP level 1. HP: 24/24 MP: 1/1
   207 | D:1      | Reached skill level 3 in Unarmed Combat
   372 | D:1      | Reached XP level 2. HP: 32/32 MP: 2/2
   717 | D:2      | Reached XP level 3. HP: 30/39 MP: 3/3
   812 | D:2      | Reached skill level 4 in Unarmed Combat
  1109 | D:2      | Found a faded altar of an unknown god.
  1248 | D:2      | Reached XP level 4. HP: 48/48 MP: 4/4
  1477 | D:3      | HP: 9/48 [dart slug/slug dart (2)]
  1496 | D:3      | Found a glowing drain.
  1531 | Sewer    | Entered a sewer
  1620 | Sewer    | Noticed Pargi
  1629 | Sewer    | HP: 9/48 [Pargi (1)]
  1629 | Sewer    | HP: 3/48 [Pargi (3)]
  1632 | Sewer    | Killed Pargi
  1633 | Sewer    | Reached skill level 5 in Unarmed Combat
  1633 | Sewer    | Reached XP level 5. HP: 4/54 MP: 5/5
  1635 | Sewer    | HP: 3/54 [ball python (1)]
  2269 | D:3      | Identified the +0 dagger "Qiacyr" {spect, rElec rF++ Will+}
  2315 | D:3      | Reached XP level 6. HP: 51/62 MP: 6/6
  2416 | D:3      | Reached skill level 6 in Unarmed Combat
  2743 | D:4      | Noticed a sky beast
  2753 | D:4      | Killed a sky beast
  2809 | D:4      | Reached skill level 7 in Unarmed Combat
  2809 | D:4      | Reached XP level 7. HP: 49/70 MP: 7/7
  3230 | D:4      | Noticed Sigmund
  3237 | D:4      | Killed Sigmund
  3238 | D:4      | Reached skill level 8 in Unarmed Combat
  3562 | D:5      | Entered Level 5 of the Dungeon
  3661 | D:5      | Reached XP level 8. HP: 55/78 MP: 8/8
  3710 | D:5      | Reached skill level 9 in Unarmed Combat
  3716 | D:5      | HP: 12/78 [phantom (5)]
  3814 | D:5      | Found a sand-covered staircase.
  3822 | Ossuary  | Entered an ossuary
  4529 | D:5      | Reached skill level 10 in Unarmed Combat
  5105 | D:6      | Got Sif Muna's Compilation of the Xenolith
  5197 | D:6      | Reached skill level 1 in Evocations
  5235 | D:6      | Reached XP level 9. HP: 61/79 MP: 9/9
  5353 | D:6      | Found a staircase to the Ecumenical Temple.
  5367 | Temple   | Entered the Ecumenical Temple
  5367 | Temple   | Found a transporter.
  5367 | Temple   | Found a transporter.
  5369 | Temple   | Found a transporter.
  5369 | Temple   | Found a transporter.
  5410 | Temple   | Became a worshipper of Elyvilon the Healer
  5410 | Temple   | Reached * piety under Elyvilon
  5410 | Temple   | Reached ** piety under Elyvilon
  5473 | D:6      | Found a runed translucent door.
  5474 | D:6      | Noticed Crazy Yiuf
  5484 | D:6      | Killed Crazy Yiuf
  5592 | D:6      | Reached skill level 5 in Fighting
  7233 | D:7      | Reached *** piety under Elyvilon
  7754 | D:8      | Reached XP level 10. HP: 99/102 MP: 10/10
  7848 | D:8      | Reached skill level 5 in Dodging
  8686 | D:9      | Noticed an obsidian statue
  8816 | D:9      | Reached skill level 11 in Unarmed Combat
  9181 | D:9      | Found a staircase to the Lair.
  9279 | D:9      | Reached **** piety under Elyvilon
 10112 | D:10     | Entered Level 10 of the Dungeon
 10385 | D:10     | Found an opulent altar of Gozag.
 10389 | D:10     | Found a glowing golden altar of the Shining One.
 10413 | D:10     | Reached ***** piety under Elyvilon
 10445 | D:10     | Noticed a kobold demonologist
 10470 | D:10     | Killed a kobold demonologist
 10552 | D:10     | Noticed a two-headed ogre
 10562 | D:10     | Killed a two-headed ogre
 10563 | D:10     | Reached skill level 5 in Evocations
 10639 | D:10     | Found a sparkling altar of Nemelex Xobeh.
 10641 | D:10     | Found an iron altar of Okawaru.
 10644 | D:10     | Found a burning altar of Makhleb.
 10781 | D:10     | Reached XP level 11. HP: 98/115 MP: 11/11
 10811 | D:10     | Found a staircase to the Orcish Mines.
 11081 | D:10     | Noticed a deep elf pyromancer
 11093 | D:10     | Killed a deep elf pyromancer
 11590 | Orc:1    | Entered Level 1 of the Orcish Mines
 11763 | Orc:2    | Entered Level 2 of the Orcish Mines
 11763 | Orc:2    | Found a staircase to the Elven Halls.
 11878 | Orc:1    | Noticed a two-headed ogre
 11951 | Orc:2    | Killed a two-headed ogre
 11952 | Orc:2    | Reached skill level 1 in Invocations
 12136 | Orc:1    | Noticed a two-headed ogre
 12151 | Orc:2    | HP: 6/117 [two-headed ogre/+0 giant club (28)]
 12152 | Orc:2    | Killed a two-headed ogre
 12153 | Orc:2    | Reached skill level 10 in Fighting
 12733 | Orc:2    | Found Ulosit's Weapon Shoppe.
 13387 | Orc:1    | Noticed an orc sorcerer
 13390 | Orc:1    | Killed an orc sorcerer
 13391 | Orc:1    | Reached skill level 12 in Unarmed Combat
 13550 | Orc:1    | Found a transporter.
 13550 | Orc:1    | Noticed Nonny's ghost (journeyman DgAE)
 13551 | Orc:1    | Found a transporter.
 13554 | Orc:1    | Noticed a two-headed ogre
 13555 | Orc:1    | Noticed a two-headed ogre
 13555 | Orc:1    | Identified the +9 giant club "Atam Geul" {heavy, rN++
                  | Str+3}
 13555 | Orc:1    | Noticed an ettin
 13751 | Orc:2    | Noticed an orc sorcerer
 13753 | Orc:2    | Noticed a sun demon
 13765 | Orc:2    | Noticed a sixfirhy
 13765 | Orc:2    | Paralysed by an orc sorcerer for 3 turns
 13767 | Orc:2    | HP: 16/117 [sun demon[an orc sorcerer] (9)]
 13767 | Orc:2    | Elyvilon protects you from harm!
 13768 | Orc:2    | Slain by a sixfirhy

Illustrated notes

Levels and vault maps discovered:
D:1:      lightli_arrival_quake, layout_loops_ring, item_on_display_a
D:2:      layout_loops_ring, ebering_ecumenical_altar_box
D:3:      layout_rooms, portal_sewer_entry_b, minivault_11
D:4:      layout_loops_cross, uniq_sigmund
D:5:      layout_basic, nicolae_ossuary_entry_plus
D:6:      kennysheep_six_static_rooms, layout_basic,
          minmay_temple_entry_overgrown, uniq_crazy_yiuf_cottage
D:7:      layout_loops_ring, serial_bayou_crossing
D:8:      layout_rooms, nicolae_figureground_pulse
D:9:      layout_stronghold, dpeg_oklobed_lair, minivault_16
D:10:     layout_irregular_city, nicolae_overflow_hidden_temple, erik_orc_1,
          serial_column_ruins, column_ruins_open_medium_water,
          column_ruins_columns_straight, column_ruins_open_small,
          column_ruins_columns_dead_end, column_ruins_open_tiny,
          column_ruins_open_small
Temple:   hellmonk_temple_divided_pantheon
Orc:1:    layout_caves, gammafunk_ghost_smash
Orc:2:    st_orc_elflike, layout_caves, serial_shops, nicolae_diamond_shop,
          minmay_orc_keep

Skill      XL: |  1  2  3  4  5  6  7  8  9 10 11 |
---------------+----------------------------------+-----
Unarmed Combat | 3 4 5 7 8 10 11 12 | 12.0
Dodging        | 3 4 6 7 |  7.4
Evocations     | 1 3 5 6 |  6.1
Fighting       | 7 9 10 | 10.0
Invocations    | 3 |  3.3

Action                     |  1- 3 |  4- 6 |  7- 9 | 10-12 || total
---------------------------+-------+-------+-------+-------++-------
  Melee: Unarmed           |    72 |   140 |   358 |   382 ||   952
  Throw: Dart              |       |    15 |    17 |    11 ||    43
         Stone             |       |     2 |    46 |       ||    48
         Boomerang         |       |       |    81 |   171 ||   252
 Invoke: Heal Self         |       |       |       |     1 ||     1
  Evoke: Wand              |       |       |    15 |    20 ||    35
         Box of beasts     |       |       |       |     1 ||     1
    Use: Scroll            |       |    12 |     7 |     5 ||    24
         Potion            |       |     3 |     1 |     2 ||     6
 Armour: Robe              |    18 |    35 |    84 |   213 ||   350
  Dodge: Dodged            |    44 |   103 |   154 |   254 ||   555

Table legend: (Time is in decaauts)
 A = Elapsed time spent in this place.
 B = Non-inter-level travel time spent in this place.
 C = Inter-level travel time spent in this place.
 D = Time resting spent in this place.
 E = Time spent auto-exploring this place.
 F = Levels seen in this place.
 G = Mean time per level.
                   A        B        C        D        E       F      G
               +--------+--------+--------+--------+--------+-----+--------+
         Total |  13666 |  12914 |    752 |   2570 |   7879 |  15 |  911.1 |
       Dungeon |  10286 |   9637 |    649 |    641 |   7188 |  10 | 1028.6 |
        Temple |     56 |     25 |     31 |      0 |      5 |   1 |   56.0 |
  Orcish Mines |   2070 |   1999 |     71 |   1171 |    465 |   2 | 1035.0 |
         Sewer |    625 |    625 |      0 |    417 |    142 |   1 |  625.0 |
       Ossuary |    627 |    627 |      0 |    341 |     79 |   1 |  627.0 |
               +--------+--------+--------+--------+--------+-----+--------+

Top non-repeatable levels by time:
     D:6: 1611 daAuts
    D:10: 1548 daAuts
     D:9: 1341 daAuts
     D:7: 1061 daAuts
   Orc:2: 1052 daAuts
     D:8: 1046 daAuts
   Orc:1: 1018 daAuts
     D:4: 812 daAuts
     D:5: 785 daAuts
     D:1: 728 daAuts
     D:2: 718 daAuts
     D:3: 632 daAuts
 Ossuary: 627 daAuts
   Sewer: 625 daAuts
  Temple: 56 daAuts

Table legend:
 A = Kills in this place as a percentage of kills in the entire game.
 B = Kills by you in this place as a percentage of kills by you in the entire game.
 C = Kills by friends in this place as a percentage of kills by friends in the entire game.
 D = Other kills in this place as a percentage of other kills in the entire game.
 E = Experience gained in this place as a percentage of experience gained in the entire game.
 F = Experience gained in this place divided by the number of levels of this place that you have seen.
                   A       B       C       D       E      F
               +-------+-------+-------+-------+-------+----------------------
         Total | 100.0 | 100.0 | 100.0 |   N/A | 100.0 | 1031.5
       Dungeon |  70.6 |  70.5 |  75.0 |   N/A |  67.1 | 1037.7
  Orcish Mines |  15.6 |  15.5 |  25.0 |   N/A |  30.2 | 2334.0
         Sewer |   2.4 |   2.4 |   0.0 |   N/A |   1.0 | 161.0
       Ossuary |  11.5 |  11.6 |   0.0 |   N/A |   1.7 | 266.0
               +-------+-------+-------+-------+-------+----------------------

Levels and vault maps discovered:
D:1:      lightli_arrival_quake, layout_loops_ring, item_on_display_a
D:2:      layout_loops_ring, ebering_ecumenical_altar_box
D:3:      layout_rooms, portal_sewer_entry_b, minivault_11
D:4:      layout_loops_cross, uniq_sigmund
D:5:      layout_basic, nicolae_ossuary_entry_plus
D:6:      kennysheep_six_static_rooms, layout_basic,
          minmay_temple_entry_overgrown, uniq_crazy_yiuf_cottage
D:7:      layout_loops_ring, serial_bayou_crossing
D:8:      layout_rooms, nicolae_figureground_pulse
D:9:      layout_stronghold, dpeg_oklobed_lair, minivault_16
D:10:     layout_irregular_city, nicolae_overflow_hidden_temple, erik_orc_1,
          serial_column_ruins, column_ruins_open_medium_water,
          column_ruins_columns_straight, column_ruins_open_small,
          column_ruins_columns_dead_end, column_ruins_open_tiny,
          column_ruins_open_small
Temple:   hellmonk_temple_divided_pantheon
Orc:1:    layout_caves, gammafunk_ghost_smash
Orc:2:    st_orc_elflike, layout_caves, serial_shops, nicolae_diamond_shop,
          minmay_orc_keep
